 Dungeon Crawl Stone Soup version 0.29.1-15-g9cfb28693d (webtiles) character file.

Game seed: 6163915018449779470

22 buriedalive the Chiller (level 2, -4/15 HPs)
             Began as a Deep Elf Ice Elementalist on Apr 28, 2023.
             Slain by Natasha (6 damage)
             ... on level 3 of the Dungeon.
             The game lasted 00:02:16 (1288 turns).

buriedalive the Chiller (Deep Elf Ice Elementalist) Turns: 1288, Time: 00:02:16

Health: -4/15      AC:  6    Str:  5    XL:     2   Next: 68%
Magic:  4/8        EV: 13    Int: 19    God:
Gold:   87         SH:  0    Dex: 21    Spells: 7/8 levels left

rFire   . . .      SeeInvis .   e - +1 short sword (flame)
rCold   . . .      Faith    .   (no shield)
rNeg    . . .      Spirit   .   a - +0 robe
rPois   .          Reflect  .   (no helmet)
rElec   .          Harm     .   j - +1 cloak
rCorr   .          Rampage  .   i - +1 pair of gloves
Will    .....                   (no boots)
Stlth   ++........              (no amulet)
HPRegen 0.05/turn               g - +6 ring of dexterity
MPRegen 0.11/turn               (no ring)

@: very slightly contaminated
A: no striking features
a: no special abilities


You were on level 3 of the Dungeon.
You visited 1 branch of the dungeon, and saw 3 of its levels.

You collected 87 gold pieces.

Inventory:

Hand Weapons
 e - a +1 short sword of flaming (weapon)
Missiles
 c - 20 stones
 k - 2 silver javelins
Armour
 a - a +0 robe (worn)
 i - a +1 pair of gloves (worn)
 j - a +1 cloak (worn)
Jewellery
 d - an amulet of faith
 f - an amulet of the acrobat
 g - a +6 ring of dexterity (left hand)
Potions
 b - a potion of magic
 h - a potion of attraction


   Skills:
 + Level 3.0 Dodging
 - Level 2.4 Stealth
 + Level 3.6 Spellcasting
 + Level 4.7 Ice Magic


You had 7 spell levels left.
You knew the following spells:

 Your Spells              Type           Power      Damage    Failure   Level
a - Freeze                Ice            84%        1d10      1%          1

Your spell library contained the following spells:

 Spells                   Type           Power      Damage    Failure   Level
 Frozen Ramparts          Ice            42%        1d7       6%          3
 Ozocubu's Armour         Ice            21%        N/A       6%          3
 Hailstorm                Conj/Ice       12%        3d5       47%         4


Dungeon Overview and Level Annotations

Branches:
Dungeon (3/15)

Altars:
Yredelemnul

Annotations:
D:3 Natasha


Message History

There is a stone staircase leading up here.
The endoplasm jiggles.
Casting: Freeze (safe; 1% risk of failure)
Confirm with . or Enter, or press ? or * to list all spells.
Aiming: Freeze (safe; 1% risk of failure)
Press: ? - help, Shift-Dir - straight line, f - endoplasm
Aim: an endoplasm You miscast Freeze.
You are very lightly contaminated with residual magic.
Nothing appears to happen.
Natasha casts a spell.
The endoplasm barely misses you.
The endoplasm quivers.
Casting: Freeze (safe; 1% risk of failure)
Confirm with . or Enter, or press ? or * to list all spells.
Aiming: Freeze (safe; 1% risk of failure)
Press: ? - help, Shift-Dir - straight line, f/p - endoplasm
Aim: an endoplasm You freeze the endoplasm.
The endoplasm is almost dead.
The endoplasm closely misses you.
Unknown command.
Casting: Freeze (safe; 1% risk of failure)
Confirm with . or Enter, or press ? or * to list all spells.
Aiming: Freeze (safe; 1% risk of failure)
Press: ? - help, Shift-Dir - straight line, f/p - endoplasm
Aim: an endoplasm (almost dead)
You miscast Freeze.
Nothing appears to happen.
The endoplasm freezes you.
You are frozen.
* * * LOW HITPOINT WARNING * * *
Casting: Freeze (safe; 1% risk of failure)
Confirm with . or Enter, or press ? or * to list all spells.
Aiming: Freeze (safe; 1% risk of failure)
Press: ? - help, Shift-Dir - straight line, f/p - endoplasm
Aim: an endoplasm (almost dead)
You freeze the endoplasm.
You kill the endoplasm!
Natasha claws you.
You die...

# #.# #.
#.# ##.#
#.#
#...###.##
#
...#...##.#
.......
#.J5# #h#
#@# #.# #.#
#.# #.# ...
#.. ...


You could see Natasha, a crimson imp (summoned) and an endoplasm.

Vanquished Creatures
  A dart slug (D:1)
  2 ball pythons
  A bat (D:2)
  4 endoplasms
  3 goblins
  2 hobgoblins
  A kobold (D:1)
  3 frilled lizards (D:1)
  2 rats
19 creatures vanquished.

Notes
Turn   | Place    | Note
-------+----------+-------------------------------------------
     0 | D:1      | buriedalive the Deep Elf Ice Elementalist began the quest
                  | for the Orb.
     0 | D:1      | Reached XP level 1. HP: 10/10 MP: 6/6
   342 | D:1      | Reached XP level 2. HP: 15/15 MP: 8/8
  1058 | D:2      | Found a basalt altar of Yredelemnul.
  1263 | D:2      | Noticed Natasha
  1267 | D:2      | Noticed a crimson imp
  1274 | D:2      | Noticed a crimson imp
  1286 | D:3      | Noticed a crimson imp
  1288 | D:3      | Slain by Natasha

Illustrated notes

Levels and vault maps discovered:
D:1:      onia_arrival_mini_maze_b, layout_basic
D:2:      layout_basic, basic_altar, shapermc_ecumenical_altar_mp_ritualfount,
          minmay_pentomino_q4, uniq_crazy_yiuf_cottage, uniq_robin, uniq_natasha
D:3:      layout_loops_ring

Skill      XL: |  1  2 |
---------------+-------+-----
Dodging        | 3 |  3.0
Stealth        | |  2.4
Spellcasting   | |  3.6
Ice Magic      | |  4.7

Action                   || total
-------------------------++-------
Melee: Short sword       ||    13
 Cast: Freeze            ||    14
  Use: Scroll            ||     5
       Potion            ||     1
 Stab: Sleeping          ||     6
Armor: Robe              ||     7
Dodge: Dodged            ||    24
